 Dungeon Crawl Stone Soup version 0.20.1-1-g8b1a95d (webtiles) character file.

102 vineage the Cudgeler (level 4, -5/28 HPs)
             Began as a Gargoyle Berserker on Nov 1, 2017.
             Was a Believer of Trog.
             Slain by Grinder (6 damage)
             ... on level 3 of the Dungeon.
             The game lasted 00:01:38 (1052 turns).

vineage the Cudgeler (Gargoyle Berserker)           Turns: 1052, Time: 00:01:38

Health: -5/28      AC:  5    Str: 22    XL:     4   Next: 77%
Magic:  4/4        EV: 12    Int:  7    God:    Trog [**....]
Gold:   169        SH:  0    Dex:  9    Spells: 3/3 levels left

rFire    . . .     SeeInvis .   a - +0 mace
rCold    . . .     Gourm    .   (no shield)
rNeg     + . .     Faith    .   b - +0 animal skin
rPois    ∞         Spirit   .   (no helmet)
rElec    +         Reflect  .   (no cloak)
rCorr    .         Harm     .   (no gloves)
MR       .....                  (no boots)
Stlth    +.........             (no amulet)
Regen    0.1/turn               (no ring)
MPRegen  0.1/turn               (no ring)

@: very slightly contaminated
A: negative energy resistance 1, electricity resistance, unbreathing,
petrification resistance, rot immunity, AC +3
a: Berserk, Trog's Hand, Burn Spellbooks, Renounce Religion


You were on level 3 of the Dungeon.
You worshipped Trog.
Trog was pleased with you.
You were hungry.

You visited 1 branch of the dungeon, and saw 3 of its levels.

You collected 169 gold pieces.

Inventory:

Hand Weapons
 a - a +0 mace (weapon)
Armour
 b - a +0 animal skin (worn)
Jewellery
 d - an uncursed ring of protection from fire {unknown}
 o - a cursed ring of teleportation {unknown}
Wands
 q - a wand of random effects (10/48)
Scrolls
 e - a scroll of random uselessness
 f - 2 scrolls of remove curse
 g - a scroll of blinking
Potions
 j - a potion of magic
 l - a potion of curing
 m - a potion of flight
Comestibles
 c - 2 bread rations
 k - a meat ration
 p - 3 fruits


   Skills:
 - Level 3.2 Fighting
 + Level 5.3 Maces & Flails
 - Level 2.1 Armour
 - Level 1.5 Dodging


You had 3 spell levels left.
You didn't know any spells.

Dungeon Overview and Level Annotations

Branches:
Dungeon (3/15)

Altars:
Vehumet

Annotations:
D:3 Grinder


Innate Abilities, Weirdness & Mutations

You are resistant to torment.
Your stone body is resilient. (AC +3)
You are immune to poison.
You resist negative energy. (rN+)
You are resistant to electric shocks. (rElec)
You can survive without breathing.
You are immune to petrification.
You are immune to rotting.


Message History

No target in view!
No target in view!
No target in view!
No target in view!
No target in view!
Grinder comes into view.
Grinder shouts!
Found 16 gold pieces.
Grinder is nearby!
Grinder gestures at you. Pain shoots through your body!
You are too injured to fight recklessly!
You closely miss Grinder. Grinder hits you.
You writhe in agony.
* * * LOW HITPOINT WARNING * * *
You barely miss Grinder. Grinder hits you.
* * * LOW HITPOINT WARNING * * *
You writhe in agony.
* * * LOW HITPOINT WARNING * * *
You barely miss Grinder. Grinder hits you.
You die...

****** ,,,,,*
****,***#############
*,,,,$.......@5..#
****,.........##.#
##### *,..######.#*,*
#.<). **,**
#.#*,********#.###
*** *,***
#.#*,,,,,,,,...,,,
,,* *,,,*
#.#********###.**,
*,* ***,* #.# #.**,
*,* *,* #.# *#.**,
,,* *,****#.#*
******..*,,


You could see Grinder.

Vanquished Creatures
  Jessica (D:2)
  4 adders (D:2)
  A worm (D:2)
  A dart slug (D:1)
  A leopard gecko (D:3)
  4 bats
  A giant cockroach (D:1)
  6 goblins
  4 hobgoblins
  5 kobolds
  A frilled lizard (D:1)
  5 rats
34 creatures vanquished.

Notes
Turn   | Place    | Note
-------+----------+-------------------------------------------
     0 | D:1      | vineage the Gargoyle Berserker began the quest for the Orb.
     0 | D:1      | Reached XP level 1. HP: 14/14 MP: 1/1
    85 | D:1      | Reached XP level 2. HP: 12/19 MP: 2/2
   359 | D:1      | Reached skill level 4 in Maces & Flails
   637 | D:2      | Reached XP level 3. HP: 17/23 MP: 3/3
   673 | D:2      | Noticed Jessica
   681 | D:2      | Killed Jessica
   681 | D:2      | Reached ** piety under Trog
   681 | D:2      | Reached XP level 4. HP: 20/28 MP: 4/4
   729 | D:2      | Reached skill level 5 in Maces & Flails
   932 | D:2      | Found a radiant altar of Vehumet.
  1047 | D:3      | Noticed Grinder
  1051 | D:3      | HP: 1/28 [Grinder (1)]
  1052 | D:3      | Slain by Grinder

Skill      XL: |  1  2  3  4 |
---------------+-------------+-----
Maces & Flails | 4 5 |  5.3
Fighting       | |  3.2
Armour         | |  2.1
Dodging        | |  1.5

Action                   |  1- 3 |  4- 6 || total
-------------------------+-------+-------++-------
Melee: Mace              |    53 |    66 ||   119
  Use: Scroll            |       |     8 ||     8
 Stab: Sleeping          |     1 |       ||     1
Armor: Animal skin       |    20 |    28 ||    48
Dodge: Dodged            |    24 |    53 ||    77
